Map: Dusk Towers

Players

Tesla (Rob) - Winner!

  • Race: Protoss Protoss
  • League: Grandmaster

Pokebunny

  • Race: Terran Terran
  • League: Grandmaster

VOD

Have the link to the VOD?

Description

Time

  • Played on: April 4, 2016, 11:38 p.m.
  • Length: 8:39
Show
View Real Time Build Order
Export as new Build Order

Tesla Protoss - Winner!

Build Orders: 1 Gate Expand 

Get SALT Encoding   

  12  0:00  Probe (Chrono Boost)  
  13  0:11  Probe (Chrono Boost)  
  14  0:18  Pylon  
  14  0:21  Probe (Chrono Boost)  
  15  0:36  Probe (Chrono Boost)  
  15  0:37  Gateway  
  16  0:46  Probe (Chrono Boost)  
  18  0:57  Probe (Chrono Boost)  
  18  1:07  Probe (Chrono Boost)  
  19  1:16  Nexus  
  19  1:18  Probe (Chrono Boost)  
  20  1:29  Probe (Chrono Boost)  
  20  1:30  Assimilator  
  21  1:34  Cybernetics Core  
  21  1:39  Probe (Chrono Boost)  
  22  1:43  Pylon  
  22  1:50  Probe (Chrono Boost)  
  23  1:55  Assimilator  
  23  2:02  Probe (Chrono Boost)  
  23  2:11  Adept (Chrono Boost)  
  23  2:12  Probe (Chrono Boost)  
  26  2:23  Warp Gate (Chrono Boost)  
  26  2:24  Probe (Chrono Boost)  
  26  2:28  Probe (Chrono Boost)  
  28  2:34  Probe (Chrono Boost)  
  29  2:39  Probe (Chrono Boost)  
  30  2:45  Probe (Chrono Boost)  
  31  2:52  Mothership Core (Chrono Boost)  
  31  2:54  Pylon  
  31  2:55  Probe (Chrono Boost)  
  34  3:00  Robotics Facility  
  34  3:06  Probe (Chrono Boost)  
  34  3:10  Probe (Chrono Boost)  
  34  3:16  Probe (Chrono Boost)  
  35  3:21  Probe (Chrono Boost)  
  35  3:25  Gateway  
  36  3:27  Probe (Chrono Boost), Gateway  
  36  3:31  Probe (Chrono Boost)  
  38  3:37  Probe (Chrono Boost)  
  38  3:40  Pylon  
  39  3:42  Adept, Warp Prism (Chrono Boost), Probe (Chrono Boost)  
  44  3:49  Probe  
  44  3:54  Pylon, Probe  
  46  3:56  Assimilator x2  
  46  4:02  Probe  
  47  4:05  Forge  
  47  4:06  Probe  
  48  4:14  Probe  
  49  4:18  Probe  
  49  4:20  Observer, Adept  
  49  4:21  Adept  
  55  4:26  Probe  
  55  4:30  Probe  
  57  4:32  Pylon  
  57  4:38  Robotics Bay  
  57  4:39  Pylon, Protoss Ground Weapons Level 1 (Chrono Boost)  
  57  4:44  Stalker  
  59  4:48  Stalker  
  61  4:54  Stalker  
  61  4:56  Observer  
  64  5:08  Adept  
  64  5:14  Stalker x2  
  68  5:22  Probe x2  
  64  5:36  Probe  
  64  5:39  Disruptor (Chrono Boost)  
  65  5:48  Probe  
  69  5:50  Twilight Council  
  69  5:53  Photon Cannon x2, Pylon  
  69  5:55  Nexus  
  69  6:02  Adept x2  
  69  6:03  Adept  
  75  6:06  Pylon  
  75  6:11  Disruptor  
  75  6:27  Stalker x3  
  77  6:53  Probe x2  
  79  6:56  Stalker x2  
  79  6:57  Stalker  
  85  7:01  Forge  
  85  7:05  Probe  
  86  7:08  Probe  
  86  7:15  Probe  
  88  7:17  Probe  
  88  7:18  Disruptor  
  88  7:19  Probe  
  93  7:26  Robotics Facility  
  93  7:29  Stargate, Probe x2  
  93  7:46  Stalker x2  
  93  7:47  Probe x2  
  99  7:53  Disruptor (Chrono Boost)  
  99  7:55  Photon Cannon  
  102  8:04  Stalker, Probe  
  101  8:06  Probe x2  
  101  8:09  Pylon  
  101  8:12  Stalker x2  
  108  8:13  Pylon  
  108  8:21  Pylon  
  108  8:35  Stalker  
Show
View Real Time Build Order
Export as new Build Order

Pokebunny Terran 

Build Orders: Reaper Expand, MMM Bio 

Get SALT Encoding   

  12  0:01  SCV  
  13  0:13  SCV  
  14  0:17  Supply Depot  
  14  0:25  SCV  
  15  0:39  SCV  
  15  0:41  Barracks  
  16  0:43  Refinery  
  16  0:51  SCV  
  17  1:03  SCV  
  18  1:15  SCV  
  19  1:28  Orbital Command, Reaper  
  20  1:40  Command Center  
  20  1:50  Supply Depot  
  20  1:54  SCV  
  21  2:03  Supply Depot  
  21  2:04  Marine  
  22  2:09  SCV  
  22  2:13  Factory  
  23  2:21  SCV  
  23  2:22  Marine  
  25  2:26  Refinery  
  25  2:33  SCV  
  26  2:40  Marine  
  27  2:45  SCV  
  28  2:56  Starport  
  28  2:57  Hellion  
  30  2:59  Barracks Reactor, Orbital Command  
  30  3:17  SCV  
  30  3:18  Widow Mine  
  32  3:26  SCV  
  33  3:29  SCV  
  33  3:33  Medivac  
  36  3:35  Marine  
  36  3:37  Barracks  
  36  3:39  Marine  
  38  3:43  Barracks  
  38  3:48  Factory Tech Lab  
  38  3:52  SCV x2  
  38  3:53  Marine  
  41  3:57  Marine  
  41  3:59  Supply Depot  
  42  4:04  SCV x2  
  42  4:07  Siege Tank  
  42  4:08  Medivac  
  49  4:12  Marine  
  49  4:15  Marine  
  49  4:16  SCV x2  
  53  4:25  Barracks Tech Lab  
  53  4:27  Supply Depot  
  53  4:30  Barracks Reactor, Marine  
  54  4:33  Marine, SCV x2  
  57  4:46  Combat Shields  
  57  4:48  Marine x2  
  57  4:49  SCV  
  57  4:51  Refinery, Marine  
  57  4:52  Supply Depot  
  58  5:07  Marine  
  58  5:08  Marine x3  
  62  5:19  Siege Tank  
  62  5:20  Marine  
  66  5:25  Marine x2  
  66  5:26  Marine  
  66  5:27  Marine  
  67  5:35  SCV  
  67  5:36  SCV  
  67  5:37  Medivac  
  67  5:41  Supply Depot  
  70  5:45  Supply Depot  
  70  5:47  SCV  
  70  5:48  SCV  
  70  5:49  Marine x3  
  74  5:50  Marine x2  
  77  5:58  Supply Depot  
  77  5:59  Supply Depot  
  77  6:00  SCV  
  77  6:03  Siege Tank, SCV  
  82  6:10  Marine x5  
  84  6:24  Stimpack  
  81  6:28  Marine x3  
  81  6:29  Marine  
  85  6:35  Siege Tank  
  85  6:37  Supply Depot  
  72  6:45  SCV x2  
  72  6:46  Marine  
  74  6:57  SCV x2  
  74  6:58  Marine x2  
  74  6:59  Marine x2  
  80  7:04  Supply Depot  
  80  7:07  Siege Tank  
  82  7:11  Marine  
  82  7:16  Marine x2  
  84  7:23  Marine x2  
  84  7:28  Marine  
  87  7:42  Marine  
  87  7:43  Marine x2, Marauder  
  90  7:47  Marine  
  90  7:48  Siege Tank, Medivac  
  96  7:54  Command Center  
  96  7:55  SCV x2  
  96  7:57  Refinery  
  98  8:00  Marine x2  
  98  8:03  Marine  
  98  8:04  Marauder  
  103  8:10  Barracks  
  103  8:11  Barracks  
  98  8:19  Marine x2  
  97  8:20  Marine  
Tags
 
Add a new tag
Caveats
  • Supply blocks, unpowered buildings, or Contaminate may cause inaccurate times.
  • Supply counts are checked every 10 seconds.